 Dungeon Crawl Stone Soup version 0.27.0-1-g7a089689b8 (webtiles) character file.

Game seed: 5408528723284618617

8878 lmSkywalker the Grappler (level 11, 0/86 HPs)
             Began as a Ghoul Gladiator on Aug 12, 2021.
             Was an Elder of Wu Jian.
             Slain by a boulder beetle (27 damage)
             ... on level 10 of the Dungeon on Aug 13, 2021.
             The game lasted 01:06:03 (11609 turns).

lmSkywalker the Grappler (Ghoul Gladiator)         Turns: 11609, Time: 01:06:04

Health: 0/86       AC: 10    Str: 19    XL:     11   Next: 37%
Magic:  24/26      EV: 12    Int:  6    God:    Wu Jian [****..]
Gold:   513        SH:  5    Dex: 10    Spells: 16/20 levels left

rFire    . . .     SeeInvis .     - Unarmed
rCold    + + .     Faith    +   r - +0 buckler
rNeg     + + +     Spirit   .   Q - +3 ring mail
rPois    ∞         Reflect  .   b - +0 helmet
rElec    .         Harm     .   n - scarf {shadows}
rCorr    .         Rampage  .   g - +0 pair of gloves
Will     .....                  (no boots)
Stlth    ..........             T - amulet of faith
HPRegen  0.00/turn              v - ring of magical power
MPRegen  0.20/turn              I - ring of protection from cold

@: inhibited regen
A: claws 1, cold resistance 1, negative energy resistance 3, inhibited
regeneration, torment resistance 2
a: Renounce Religion, Wall Jump, Serpent's Lash


You were on level 10 of the Dungeon.
You worshipped Wu Jian.
Wu Jian was greatly pleased with you.
You visited 1 branch of the dungeon, and saw 10 of its levels.

You collected 513 gold pieces.

Inventory:

Hand Weapons
 A - a +0 triple crossbow
 P - the +6 whip of Xikyd {spect, +Rage rF- rN++ SInv}
   (You found it on level 9 of the Dungeon)

   When its wielder attacks, the weapon's spirit leaps out and strikes again.
   The spirit shares a part of any damage it takes with its wielder.
   rF:        It makes you vulnerable to fire.
   rN:        It greatly protects you from negative energy.
   SInv:      It lets you see invisible.
   +Rage:     It lets you go berserk.
Missiles
 c - a throwing net
 d - 349 stones (quivered)
 q - 8 silver boomerangs
 E - 6 atropa-tipped darts
 O - 15 poisoned darts
 S - 3 boomerangs of dispersal
Armour
 a - a +0 leather armour
 b - a +0 helmet (worn)
 f - a +2 robe of willpower
 g - a +0 pair of gloves (worn)
 n - a scarf of shadows (worn)
 r - a +0 buckler (worn)
 J - a +0 kite shield
 Q - a +3 ring mail (worn)
Jewellery
 k - an amulet of magic regeneration
 v - a ring of magical power (left hand)
 y - an amulet of regeneration
 I - a ring of protection from cold (right hand)
 T - an amulet of faith (around neck)
Wands
 H - a wand of acid (7)
 R - a wand of flame (7)
Scrolls
 h - 3 scrolls of amnesia
 i - 2 scrolls of magic mapping {unknown}
 l - 2 scrolls of noise {unknown}
 m - 2 scrolls of blinking {unknown}
 t - 2 scrolls of fear
 u - a scroll of enchant weapon {unknown}
 B - a scroll of summoning {unknown}
 L - a scroll of fog {unknown}
 M - a scroll of vulnerability {unknown}
 N - 2 scrolls of enchant armour
 U - a scroll of torment {unknown}
 V - 3 scrolls of identify
Potions
 e - 4 potions of flight
 j - a potion of magic {unknown}
 o - 2 potions of heal wounds
 p - 5 potions of curing
 s - 2 potions of cancellation
 w - 2 potions of attraction {unknown}
 x - a potion of brilliance {unknown}
 z - a potion of berserk rage {unknown}
 C - 2 potions of might {unknown}
 D - 2 potions of lignification
 F - 2 potions of mutation {unknown}
 G - a potion of haste {unknown}
 K - 2 potions of degeneration {unknown}


   Skills:
 - Level 5.0 Fighting
 - Level 0.6 Maces & Flails
 - Level 1.7 Throwing
 - Level 2.9 Armour
 + Level 5.8 Dodging
 - Level 5.1 Shields
 - Level 11.5 Unarmed Combat
 - Level 5.0 Spellcasting
 * Level 7.3 Summonings


You had 16 spell levels left.
You knew the following spells:

 Your Spells              Type           Power      Damage    Failure   Level
a - Summon Small Mammal   Summ           40%        N/A       2%          1
b - Call Canine Familiar  Summ           10%        N/A       8%          3

Your spell library contained the following spells:

 Spells                   Type           Power      Damage    Failure   Level
 Summon Guardian Golem    Hex/Summ       5%         N/A       32%         3
 Corona                   Hex            1%         N/A       45%         1
 Ensorcelled Hibernation  Hex/Ice        2%         N/A       58%         2
 Tukima's Dance           Hex            1%         N/A       83%         3


Dungeon Overview and Level Annotations

Branches:
Dungeon (10/15)            Temple (0/1) D:6            Lair (0/6) D:10
    Orc: D:9-12

Altars:
Ashenzari
Fedhas
Gozag
Hepliaklqana
Kikubaaqudgha
Makhleb
Nemelex Xobeh
Okawaru
Ru
Sif Muna
Trog
Wu Jian
Yredelemnul

Shops:
D:3 :((   D:7 =   D:8 *   D:9 *

Annotations:
D:7 1 runed translucent door, 1 transporter, exclusion: door, suduhmizer's ghost, novice MiBe
D:10 2 transporters


Innate Abilities, Weirdness & Mutations

You thrive by killing the living.
You are immune to poison.
You have sharp fingernails.
Your flesh is cold resistant. (rC+)
You are immune to negative energy. (rN+++)
You do not regenerate when monsters are visible.
You are immune to unholy pain and torment.


Message History

You start resting.
A boulder beetle is nearby!
Casting: Call Canine Familiar (dangerous; 8% risk of failure)
Confirm with . or Enter, or press ? or * to list all spells.
Casting: Summon Small Mammal (safe; 2% risk of failure)
Confirm with . or Enter, or press ? or * to list all spells.
Casting: Summon Small Mammal (safe; 2% risk of failure)
Confirm with . or Enter, or press ? or * to list all spells.
Your bat hits the boulder beetle but does no damage.
A centaur zombie comes into view.
You punch the boulder beetle!
The boulder beetle is lightly wounded.
Your bat hits the boulder beetle but does no damage. x2
The boulder beetle bites you!
Your bat hits the boulder beetle but does no damage.
You punch the boulder beetle!
The boulder beetle is moderately wounded.
Your bat hits the boulder beetle but does no damage. x3
The boulder beetle bites you!!
Aiming: Wall Jump
Press: ? - help, Dir - move target You repeatedly attack the boulder beetle from above.
You hit the boulder beetle but do no damage.
The boulder beetle is moderately wounded.
Your ring mail prevents you from hitting the boulder beetle.
The boulder beetle is moderately wounded.
You hit the boulder beetle but do no damage.
The boulder beetle is moderately wounded.
You repeatedly attack the centaur zombie from above.
You punch the centaur zombie!
The centaur zombie is moderately damaged.
You hit the centaur zombie.
The centaur zombie is moderately damaged.
Your bat hits the boulder beetle but does no damage. x4
Your bat hits the centaur zombie.
The centaur zombie hits you but does no damage.
The centaur zombie misses you.
Your bat hits the boulder beetle.
Your bat hits the boulder beetle but does no damage.
The boulder beetle bites you!!
You die...

........ ............
.......... ...........
.......... ........#
........# #.......#
........# #.......#
........# #.......#
.†......## #...b...####
.........## #bb°○......#
.....[....####.B@Z...##.#
...####.....####○○.......
...##.........##...######
...#...........#...#
............P......#
.........>.........#
..#.........)......# #.
..##........P..#.#.# :..
..###.........##.#.###'##


You could see a boulder beetle (ally target), a centaur zombie and 3 friendly
bats.

Vanquished Creatures
  A two-headed ogre (D:9)
  Erica (D:8)
  A tengu conjurer (D:10)
  A troll (D:10)
  A hornet (D:8)
  A shadow (D:9)
  A wraith (D:10)
  A wyvern (D:9)
  12 yaks
  3 vampire mosquitoes (D:8)
  3 wargs
  Menkaure (D:5)
  A water moccasin (D:8)
  An acid dragon (D:9)
  3 black bears
  4 orc warriors
  An ice beast (D:3)
  2 sky beasts (D:8)
  4 ogres
  2 centaurs
  Blork the orc (D:5)
  4 kobold brigands
  3 bullfrogs
  2 wyvern zombies
  A killer bee (D:10)
  11 wights
  2 howler monkeys
  A bullfrog zombie (D:6)
  2 jellies
  2 hounds (D:5)
  10 orc priests
  Natasha (thrice) (D:4)
  3 centaur skeletons
  2 iguanas
  9 orc wizards
  A hound skeleton (D:2)
  Robin (D:3)
  2 howler monkey zombies (D:9)
  7 adders
  A shadow imp (D:8)
  A worm (D:2)
  2 dart slugs (D:5)
  33 orcs
  5 endoplasms
  4 giant cockroaches
  10 goblins
  8 hobgoblins
  11 jackals
  25 kobolds
  4 quokkas
  9 ball pythons
  6 bats
  5 frilled lizards
  5 rats
241 creatures vanquished.

Vanquished Creatures (collateral kills)
  An orc wizard (D:10)
  An orc (D:9)
2 creatures vanquished.

Vanquished Creatures (others)
  A fungus (D:8)
  9 plants (D:10)
10 creatures vanquished.

Grand Total: 253 creatures vanquished

Notes
Turn   | Place    | Note
-------+----------+-------------------------------------------
     0 | D:1      | lmSkywalker the Ghoul Gladiator began the quest for the
                  | Orb.
     0 | D:1      | Reached XP level 1. HP: 17/17 MP: 0/0
   128 | D:1      | Reached XP level 2. HP: 24/24 MP: 1/1
   183 | D:1      | Reached skill level 4 in Unarmed Combat
   437 | D:1      | Reached XP level 3. HP: 29/29 MP: 2/2
   889 | D:2      | Reached skill level 5 in Unarmed Combat
  1111 | D:2      | Reached XP level 4. HP: 16/36 MP: 3/3
  2090 | D:3      | Found a sparkling altar of Nemelex Xobeh.
  2093 | D:3      | Noticed an ice beast
  2146 | D:3      | Found Leoff's Book Emporium.
  2424 | D:3      | Noticed a black bear
  2598 | D:4      | Reached skill level 1 in Shields
  2598 | D:4      | Reached skill level 6 in Unarmed Combat
  2598 | D:4      | Reached XP level 5. HP: 32/41 MP: 4/4
  2709 | D:4      | Noticed Natasha
  2722 | D:4      | Killed Natasha
  2886 | D:4      | Noticed Natasha
  2893 | D:4      | Killed Natasha
  3074 | D:4      | Noticed Natasha
  3088 | D:4      | Killed Natasha
  3089 | D:4      | Reached XP level 6. HP: 44/48 MP: 5/5
  3155 | D:4      | Found a sacrificial altar of Ru.
  3163 | D:4      | Found a shimmering blue altar of Sif Muna.
  3180 | D:4      | Found an ornate altar of the Wu Jian Council.
  3208 | D:4      | Reached skill level 7 in Unarmed Combat
  3267 | D:4      | Became a worshipper of the Wu Jian Council
  3401 | D:5      | Entered Level 5 of the Dungeon
  3408 | D:5      | Found a burning altar of Makhleb.
  3425 | D:5      | Reached XP level 7. HP: 55/55 MP: 6/6
  3519 | D:5      | Reached skill level 8 in Unarmed Combat
  3677 | D:5      | Noticed Blork the orc
  3920 | D:5      | Reached XP level 8. HP: 61/61 MP: 7/7
  4030 | D:5      | Noticed Menkaure
  4058 | D:5      | Killed Blork the orc
  4059 | D:5      | Reached skill level 9 in Unarmed Combat
  4066 | D:5      | Killed Menkaure
  4327 | D:6      | Reached skill level 10 in Unarmed Combat
  4645 | D:6      | Reached * piety under Wu Jian
  4676 | D:6      | Found a staircase to the Ecumenical Temple.
  4956 | D:6      | Reached skill level 1 in Spellcasting
  5192 | D:7      | Reached XP level 9. HP: 52/67 MP: 12/12
  5453 | D:7      | Found Syxikk's Jewellery Boutique.
  5488 | D:7      | Found a runed translucent door.
  5488 | D:7      | Noticed suduhmizer's ghost (novice MiBe)
  5488 | D:7      | Noticed an eight-headed hydra
  5595 | D:7      | Found a transporter.
  5795 | D:7      | Found a hazy altar of Hepliaklqana.
  6128 | D:3      | Found Zeukaiw's Weapon Emporium.
  6570 | D:3      | Found Otsar's Weapon Emporium.
  6634 | D:3      | Noticed Robin
  6647 | D:3      | Reached ** piety under Wu Jian
  6648 | D:3      | Reached skill level 5 in Spellcasting
  6653 | D:3      | Killed Robin
  6986 | D:3      | Learned a level 1 spell: Summon Small Mammal
  7472 | D:8      | Reached skill level 1 in Summonings
  7476 | D:8      | Reached skill level 1 in Armour
  7606 | D:8      | Noticed Erica
  7875 | D:8      | Found Miecyps's Serpentskin Sales.
  7888 | D:8      | Reached skill level 11 in Unarmed Combat
  7941 | D:8      | Found a bloodstained altar of Trog.
  8172 | D:8      | Reached XP level 10. HP: 74/77 MP: 16/16
  8207 | D:8      | Learned a level 3 spell: Call Canine Familiar
  8424 | D:9      | Found Emifuhor's Gadget Gallery.
  8502 | D:8      | Killed Erica
  8660 | D:9      | Reached *** piety under Wu Jian
  8682 | D:9      | Found a blossoming altar of Fedhas.
  8731 | D:9      | Reached skill level 5 in Shields
  8915 | D:9      | Identified the +6 whip of Xikyd {spect, +Rage rF- rN++
                  | SInv}
  9191 | D:9      | Found an opulent altar of Gozag.
  9247 | D:9      | Reached skill level 5 in Summonings
  9333 | D:9      | Reached skill level 5 in Fighting
  9379 | D:9      | Found an iron altar of Okawaru.
  9393 | D:9      | Noticed a two-headed ogre
  9672 | D:9      | Reached XP level 11. HP: 86/86 MP: 17/17
  9804 | D:9      | Found a broken altar of Ashenzari.
  9918 | D:9      | Reached skill level 5 in Dodging
 10058 | D:9      | Killed a two-headed ogre
 10595 | D:10     | Entered Level 10 of the Dungeon
 10600 | D:10     | Found a basalt altar of Yredelemnul.
 10608 | D:10     | Found a transporter.
 10886 | D:10     | Found an ancient bone altar of Kikubaaqudgha.
 10887 | D:10     | Noticed a flayed ghost
 10903 | D:10     | Found a transporter.
 10983 | D:10     | Found a staircase to the Lair.
 11050 | D:10     | Noticed a five-headed hydra
 11304 | D:10     | Reached **** piety under Wu Jian
 11417 | D:10     | Noticed a boulder beetle
 11609 | D:10     | Slain by a boulder beetle

Illustrated notes

Levels and vault maps discovered:
D:1:      dpeg_arrival_prison, layout_basic, minmay_pentomino_u2
D:2:      layout_basic, wad_orctagon
D:3:      layout_loops_ring, old_standard_altar, serial_shops, shop,
          nicolae_diamond_shop, nicolae_square_shop,
          chequers_serial_rivers_micro_e, uniq_robin
D:4:      layout_rooms, chequers_temple_overflow_statue_of_worship, uniq_natasha
D:5:      layout_rooms, kennysheep_mini, minivault_23, uniq_menkaure,
          uniq_blork_the_orc
D:6:      layout_rooms, minmay_temple_entry_poolview
D:7:      gammafunk_beogh_shrine, layout_loops_corners,
          mainiacjoe_overflow_surrounded_room, ebering_ghost_inner_flame,
          serial_shops, nicolae_shop_statue_plus
D:8:      layout_basic, mainiacjoe_overflow_boulevard, guppyfry_shop_venom,
          uniq_erica
D:9:      layout_roguey, lemuel_doored_altar, nicolae_ashenzari_skybound,
          lemuel_tele_altar, okawaru_gym_becter, amcnicky_mini_corridor_feature,
          minmay_misc_feat_room, nicolae_shop_gadgets
D:10:     layout_irregular_city, gammafunk_temple_of_torment,
          erik_lair_orcish_takeover, minmay_shattered_shrine

Skill      XL: |  1  2  3  4  5  6  7  8  9 10 11 |
---------------+----------------------------------+-----
Unarmed Combat | 4 5 6 7 8 10 11 | 11.5
Shields        | 1 2 3 4 5 |  5.1
Spellcasting   | 2 5 |  5.0
Summonings     | 2 5 7 |  7.3
Armour         | 1 2 |  2.9
Dodging        | 3 4 5 |  5.8
Fighting       | 3 5 |  5.0
Maces & Flails | |  0.6
Throwing       | |  1.7

Action                   |  1- 3 |  4- 6 |  7- 9 | 10-12 || total
-------------------------+-------+-------+-------+-------++-------
Melee: Unarmed           |    93 |   145 |   397 |   398 ||  1033
       Punch             |       |     2 |       |       ||     2
Throw: Stone             |     1 |       |    20 |     3 ||    24
       Dart              |       |       |     4 |       ||     4
       Throwing net      |       |       |       |     4 ||     4
 Cast: Summon Small Mamm |       |       |     7 |    43 ||    50
       Call Canine Famil |       |       |       |     3 ||     3
Invok: Lunge             |       |       |    30 |    22 ||    52
       Whirlwind         |       |       |    20 |    33 ||    53
       Serpent's Lash    |       |       |       |     1 ||     1
 Abil: Wall Jump         |       |       |       |     9 ||     9
  Use: Scroll            |       |       |     9 |     3 ||    12
       Potion            |       |       |     1 |     1 ||     2
 Stab: Distracted        |       |       |       |     2 ||     2
       Held in net/web   |       |       |       |     1 ||     1
Armor: Leather armour    |    33 |    28 |    11 |       ||    72
       Robe              |       |       |    59 |    18 ||    77
       Ring mail         |       |       |       |    60 ||    60
Dodge: Dodged            |    54 |    71 |   134 |   131 ||   390
Block: Buckler           |       |     5 |    62 |    49 ||   116
